AoeStats
← Lakafant

Black Forest

504838552Analyzed
4v4 RM · 27d ago on Sep 6, 2026· 46m 30s· 8 players
Game mode
Random Map
Map size
Large (8 player)
Population
200
Speed
Normal
Resources
Standard
Victory
Conquest
Starting age
Dark Age
Ending age
Imperial Age
RankedLock teamsTeams togetherTeam positionsShared explorationLock speedFull tech treeHidden civsTurbo modeCheats
Victory
Defeat
🇺🇸 Hindustanis · United States
1207
+13
🇺🇸 Spanish · United States
1196
+14
🇲🇽 Spanish · Mexico
1174
+15
🇺🇸 Chinese · United States
1168
+15
1193
-16
🇮🇳 Bohemians · India
1173
-15
🇳🇴 Persians · Norway
1115
-13
🇬🇧 Italians · United Kingdom
1109
-13
Lord Tay
0:40 Loom
13:41 Feudal Age
15:43 Wheelbarrow
17:40 Town Watch
20:08 Fletching
22:25 Castle Age
22:21 Horse Collar
23:12 Town Patrol
27:11 Fortified Wall
27:50 Hand Cart
28:06 Masonry
28:23 Double-Bit Axe
29:31 Bodkin Arrow
30:18 Guard Tower
34:32 Imperial Age
34:49 Caravan
37:22 Rocketry
37:47 Heavy Rocket Cart
VZ | TheeChosen
4:40 Loom
4:46 Loom
10:06 Feudal Age
11:52 Double-Bit Axe
11:47 Horse Collar
16:42 Castle Age
16:59 Wheelbarrow
16:16 Gold Mining
17:55 Caravan
19:27 Bow Saw
25:49 Stone Mining
27:56 Hand Cart
31:25 Imperial Age
29:32 Town Watch
30:18 Heavy Plow
30:38 Town Patrol
31:16 Stone Shaft Mining
31:16 Gold Shaft Mining
32:38 Scale Barding Armor
32:43 Forging
32:25 Fletching
33:37 Chemistry
32:59 Ballistics
32:44 Siege Engineers
32:34 Murder Holes
33:25 Light Cavalry
34:16 Bloodlines
34:06 Husbandry
33:27 Heavy Camel Rider
34:28 Chain Barding Armor
34:44 Iron Casting
36:01 Coinage
35:59 Shatagni
36:47 Hoardings
38:29 Conscription
37:33 Imperial Camel Rider
41:15 Block Printing
41:38 Theocracy
43:35 Illumination
47:16 Redemption
eduhaas
12:17 Feudal Age
11:16 Loom
15:42 Castle Age
14:19 Double-Bit Axe
14:50 Loom
14:49 Horse Collar
23:41 Bow Saw
24:33 Heavy Plow
25:00 Gold Mining
30:07 Imperial Age
29:57 Fletching
30:07 Padded Archer Armor
30:31 Ballistics
30:53 Wheelbarrow
30:04 Town Watch
30:33 Bodkin Arrow
31:59 Chemistry
31:11 Fortified Wall
31:08 Elite Skirmisher
31:53 Thumb Ring
32:56 Leather Archer Armor
32:42 Bracer
42:34 Conscription
littlestewey
0:59 Loom
11:49 Feudal Age
17:07 Castle Age
15:31 Double-Bit Axe
20:05 Wheelbarrow
21:12 Hand Cart
23:29 Horse Collar
24:27 Bow Saw
25:59 Heavy Plow
28:45 Gold Mining
31:56 Imperial Age
29:27 Stone Mining
31:10 Ballistics
31:22 Caravan
33:04 Conscription
34:19 Two-Man Saw
34:23 Chemistry
33:07 Onager
33:59 Cavalier
34:41 Husbandry
34:54 Bloodlines
34:26 Pikeman
35:51 Paladin
36:46 Forging
36:41 Scale Barding Armor
38:11 Iron Casting
42:35 Blast Furnace
41:55 Chain Barding Armor
milesburkley
1:22 Loom
10:30 Feudal Age
12:59 Double-Bit Axe
14:21 Fletching
14:43 Horse Collar
20:59 Castle Age
20:14 Padded Archer Armor
20:18 Gold Mining
22:02 Bodkin Arrow
21:29 Crossbowman
22:42 Bow Saw
24:03 Heavy Plow
30:01 Imperial Age
27:48 Stone Mining
28:51 Leather Archer Armor
31:57 Chemistry
32:29 Bracer
38:19 Ring Archer Armor
Lakafant
0:29 Loom
11:28 Feudal Age
12:11 Double-Bit Axe
13:51 Wheelbarrow
18:10 Castle Age
17:40 Stone Mining
17:32 Horse Collar
19:38 Bow Saw
22:52 Town Watch
23:59 Heavy Plow
28:36 Hand Cart
33:47 Imperial Age
31:20 Town Patrol
31:29 Scale Barding Armor
31:36 Forging
32:14 Devotion
32:47 Kamandaran
32:50 Fletching
33:00 Padded Archer Armor
32:56 Gold Mining
34:07 Ballistics
33:14 Pikeman
33:40 Arson
34:21 Squires
34:00 Elite War Elephant
35:46 Conscription
36:11 Chain Barding Armor
36:16 Bloodlines
36:10 Husbandry
36:12 Crossbowman
37:11 Leather Archer Armor
37:37 Iron Casting
37:51 Thumb Ring
37:52 Murder Holes
38:23 Capped Ram
42:12 Plate Barding Armor
42:38 Blast Furnace
41:33 Bodkin Arrow
41:53 Leather Archer Armor
43:17 Scale Mail Armor
43:42 Halberdier
44:49 Cavalier
44:56 Siege Ram
HuNTeR <3<3<3 Chipdi
0:28 Loom
gob b
1:52 Loom
13:17 Feudal Age
17:00 Castle Age
15:10 Double-Bit Axe
15:10 Horse Collar
19:50 Bow Saw
21:36 Heavy Plow
25:13 Wheelbarrow
33:29 Imperial Age
31:21 Hand Cart
33:43 Chemistry
33:03 Ballistics
34:38 Ballistics
35:44 Siege Engineers
40:10 Two-Man Saw
41:51 Fletching
42:03 Fletching
42:44 Elite Hussite Wagon
Connection lost

Rejoining the realm…

Still unreachable

The connection could not be restored.

Session expired

The server has moved on; the page needs a fresh start.